 Dungeon Crawl Stone Soup version 0.27.1-34-g3ba077fa99 (webtiles) character file.

Game seed: 3820603658377274438

11466 Arum the Thaumaturge (level 12, -1/74 HPs)
             Began as a Formicid Venom Mage on Jan 15, 2022.
             Was a Believer of Sif Muna.
             Slain by a seven-headed hydra (3 damage)
             ... on level 11 of the Dungeon.
             The game lasted 00:28:36 (13223 turns).

Arum the Thaumaturge (Formicid Venom Mage)         Turns: 13223, Time: 00:28:37

Health: -1/74      AC:  9    Str: 12    XL:     12   Next: 8%
Magic:  32/36      EV: 12    Int: 21    God:    Sif Muna [**....]
Gold:   659        SH:  0    Dex: 11    Spells: 16/34 levels left

rFire    . . .     SeeInvis +   D - +12 mace of the Omega Point {flame, rN++ rCorr}
rCold    + . .     Faith    .   (no shield)
rNeg     + + .     Spirit   .   H - +2 robe {rC+}
rPois    +         Reflect  .   (helmet unavailable)
rElec    .         Harm     .   r - +1 cloak {rPois}
rCorr    +         Rampage  .   n - +1 pair of gloves
Will     ++...                  h - +0 pair of boots
Stlth    ++........             (no amulet)
HPRegen  0.22/turn              E - ring of willpower
MPRegen  0.25/turn              m - ring of magical power

@: no status effects
A: permanent stasis, dig shafts and tunnels, antennae 3, four strong arms
a: Dig, Shaft Self, Renounce Religion, Channel Magic


You were on level 11 of the Dungeon.
You worshipped Sif Muna.
Sif Muna was pleased with you.
You visited 2 branches of the dungeon, and saw 12 of its levels.

You collected 1459 gold pieces.
You spent 800 gold pieces at shops.

Inventory:

Hand Weapons
 b - a +1 vampiric dagger
 D - the +12 mace of the Omega Point (weapon) {flame, rN++ rCorr}
   (You found it on level 11 of the Dungeon)

   It burns those it strikes, dealing additional fire damage.
   rN:        It greatly protects you from negative energy.
   rCorr:     It protects you from acid and corrosion.
 G - a +0 quarterstaff of freezing
Missiles
 d - 47 poisoned darts
Armour
 h - a +0 pair of boots (worn)
 n - a +1 pair of gloves (worn)
 r - a +1 cloak of poison resistance (worn)
 H - a +2 robe of cold resistance (worn)
Jewellery
 g - a +4 ring of protection
 m - a ring of magical power (right hand)
 q - a ring of resist corrosion
 x - a +6 ring of dexterity
 y - a +6 ring of strength
 C - a +4 ring of protection
 E - a ring of willpower (left hand)
 F - a ring of ice
Wands
 t - a wand of iceblast (19)
 v - a wand of digging (7)
Scrolls
 k - 4 scrolls of fear
 l - 2 scrolls of torment
 B - a scroll of fog
Potions
 a - a potion of cancellation {unknown}
 c - 4 potions of curing
 f - 2 potions of brilliance
 i - 5 potions of heal wounds
 j - 3 potions of might
 o - a potion of haste
 p - a potion of resistance {unknown}
 s - a potion of ambrosia {unknown}
 w - 2 potions of flight {unknown}
 z - 4 potions of mutation {unknown}
 A - 3 potions of lignification {unknown}


   Skills:
 - Level 1.7 Dodging
 - Level 2.4 Stealth
 * Level 11.5 Spellcasting
 * Level 9.6 Conjurations
 - Level 1.1 Transmutations
 + Level 6.1 Earth Magic
 + Level 11.0 Poison Magic
 + Level 3.0 Invocations


You had 16 spell levels left.
You knew the following spells:

 Your Spells              Type           Power      Damage    Failure   Level
a - Sting                 Tmut/Pois      100%       1d8       1%          1
b - Poisonous Vapours     Pois/Air       70%        N/A       1%          2
c - Olgreb's Toxic Radia  Pois           55%        N/A       1%          4
d - Mephitic Cloud        Conj/Pois/Air  41%        N/A       1%          3
e - Ignite Poison         Fire/Tmut/Pois 29%        N/A       3%          3
f - Bolt of Magma         Conj/Fire/Erth 17%        4d9       19%         5

Your spell library contained the following spells:

 Spells                   Type           Power      Damage    Failure   Level
 Pain                     Necr           48%        1d6       5%          1
 Portal Projectile        Hex/Tloc       24%        N/A       17%         3
 Animate Dead             Necr           6%         N/A       50%         4
 Blade Hands              Tmut           8%         N/A       69%         5
 Conjure Ball Lightning   Conj/Air       16%        3x3d6     75%         6
 Agony                    Necr           12%        N/A       83%         5
 Excruciating Wounds      Necr           6%         N/A       83%         5
 Haunt                    Necr/Summ      6%         N/A       100%        7
 Discord                  Hex            6%         N/A       100%        8
 Disjunction              Tloc           6%         N/A       100%        8
 Infestation              Necr           6%         N/A       100%        8


Dungeon Overview and Level Annotations

Branches:
Dungeon (11/15)            Temple (1/1) D:6
   Lair: D:8-11         Orc: D:9-12

Altars:
Ashenzari
Cheibriados
Dithmenos
Elyvilon
Fedhas
Gozag
Hepliaklqana
Kikubaaqudgha
Makhleb
Nemelex Xobeh
Okawaru
Qazlal
Ru
Sif Muna
Trog
Uskayaw
Vehumet
Wu Jian
Xom
Yredelemnul
Zin
The Shining One

Shops:
D:2 [*[

Annotations:
D:6 3 runed translucent doors, Discosetron's ghost, novice SpEn


Innate Abilities, Weirdness & Mutations

You cannot be hasted, slowed, berserked, paralysed or teleported.
You can dig through walls and to a lower floor.
You have a pair of large antennae on your head. (SInv)
Your four strong arms can wield two-handed weapons with a shield.


Message History

Casting: Mephitic Cloud (safe; 1% risk of failure)
Confirm with . or Enter, or press ? or * to list all spells.
You ignite the poison in your surroundings!
The seven-headed hydra is engulfed in blazing flames.
Okay, then.
The seven-headed hydra is engulfed in blazing flames.
Casting: Ignite Poison (dangerous; 3% risk of failure)
Confirm with . or Enter, or press ? or * to list all spells.
Aiming: Mephitic Cloud (safe; 1% risk of failure)
Press: ? - help, Shift-Dir - straight line The ball explodes into a vile cloud!
The stinking cloud engulfs the seven-headed hydra but does no damage.
The seven-headed hydra is lightly wounded.
Unknown command.
The seven-headed hydra bites you but does no damage.
The seven-headed hydra bites you!
The seven-headed hydra closely misses you.
The seven-headed hydra bites you! x4
* * * LOW HITPOINT WARNING * * *
Unknown command.
Casting: Mephitic Cloud (safe; 1% risk of failure)
Confirm with . or Enter, or press ? or * to list all spells.
You ignite the poison in your surroundings!
The seven-headed hydra is engulfed in blazing flames.
The seven-headed hydra closely misses you.
The seven-headed hydra bites you but does no damage.
The seven-headed hydra barely misses you.
The seven-headed hydra bites you.
* * * LOW HITPOINT WARNING * * *
The seven-headed hydra bites you but does no damage.
The seven-headed hydra bites you!
* * * LOW HITPOINT WARNING * * *
The seven-headed hydra bites you but does no damage.
Unknown command.
Okay, then.
The seven-headed hydra is engulfed in blazing flames.
The seven-headed hydra misses you. The seven-headed hydra bites you.
* * * LOW HITPOINT WARNING * * *
The seven-headed hydra bites you.
You die...

...))........P..P.......P(.#
...<....[[........####.P.P.##
.......)......P)(.+ {#..P...#
.....[.........P..# #....P.# ###
#...............P.####......###.#
##....[.....#.P..P...............
###.........#.........P...###....
# #................P.PP...#......
..#..##.###.....@PP.P......>....#
..#.....###.....#D...........####
..#.. ...........###.###....##
..... ##.........###..###....#
..... .............####...##
..... ..#...###.#.....)..## .....
. #... ..#...#...## #....
....####..# #...# ...>.##..##


You could see a seven-headed hydra.

Vanquished Creatures
  Fannar (D:11)
  3 two-headed ogres
  Pikel (D:7)
  A centaur zombie (D:11)
  A kobold demonologist (D:10)
  An unseen horror (D:11)
  A komodo dragon (D:11)
  2 trolls
  3 meliai (D:11)
  Prince Ribbit (D:5)
  A meliai zombie (D:10)
  A shadow (D:11)
  A wraith (D:8)
  8 yaks
  2 wyverns
  Grum (D:11)
  An acid dragon (D:11)
  2 water moccasins
  An ice beast (D:7)
  A black bear (D:6)
  3 orc warriors
  2 wolves (D:11)
  2 necrophages
  3 sky beasts
  6 centaurs
  A phantom (D:4)
  4 lemures (D:7)
  2 kobold brigands
  A gnoll sergeant (D:10)
  5 bullfrogs
  A wyvern zombie (D:8)
  4 scorpions
  A wyvern skeleton (D:6)
  10 wights
  A howler monkey (D:8)
  2 bullfrog zombies
  A gnoll shaman (D:8)
  2 jellies
  A bullfrog skeleton (D:5)
  2 orc priests
  2 iguanas
  Ijyb (D:5)
  Natasha (thrice) (D:3)
  5 orc wizards
  A killer bee zombie (D:7)
  A hound skeleton (D:5)
  A howler monkey zombie (D:9)
  5 adders
  6 gnolls
  A white imp (D:7)
  3 ufetubi
  An adder skeleton (D:5)
  4 worms
  3 dart slugs
  16 orcs
  5 ball pythons
  4 endoplasms
  A giant cockroach (D:1)
  8 goblins
  7 hobgoblins
  4 quokkas
  7 bats
  4 frilled lizards (D:3)
  21 kobolds
  2 rats (D:3)
  2 rat zombies (D:7)
206 creatures vanquished.

Vanquished Creatures (others)
  8 fungi (D:11)
  16 plants
24 creatures vanquished.

Grand Total: 230 creatures vanquished

Notes
Turn   | Place    | Note
-------+----------+-------------------------------------------
     0 | D:1      | Arum the Formicid Venom Mage began the quest for the Orb.
     0 | D:1      | Reached XP level 1. HP: 13/13 MP: 3/3
   182 | D:1      | Noticed a great orb of eyes
   258 | D:1      | Reached XP level 2. HP: 19/19 MP: 1/5
   302 | D:1      | Found a faded altar of an unknown god.
   303 | D:1      | Noticed a golden eye
   305 | D:1      | Noticed a golden eye
   305 | D:1      | Noticed a golden eye
   599 | D:1      | Learned a level 2 spell: Poisonous Vapours
   795 | D:2      | Reached XP level 3. HP: 24/24 MP: 3/7
   880 | D:2      | Found Humer's Assorted Antiques.
  1070 | D:2      | Found Leodgh's Armour Boutique.
  1431 | D:2      | Reached XP level 4. HP: 30/30 MP: 9/9
  1509 | D:2      | Found Xabujoq's Armour Shoppe.
  1664 | D:2      | You fall into a shaft and drop 2 floors!
  1685 | D:4      | Found a white marble altar of Elyvilon.
  1689 | D:4      | Identified a scroll of acquirement
  1689 | D:4      | Acquired 913 gold pieces
  1820 | D:3      | Noticed Natasha
  1827 | D:3      | Killed Natasha
  1828 | D:3      | Reached skill level 5 in Poison Magic
  1989 | D:3      | Learned a level 4 spell: Olgreb's Toxic Radiance
  1991 | D:3      | Reached XP level 5. HP: 35/35 MP: 11/11
  2193 | D:3      | Found a basalt altar of Yredelemnul.
  2696 | D:3      | Noticed Natasha
  2702 | D:3      | Killed Natasha
  2779 | D:3      | Found a glowing golden altar of the Shining One.
  2780 | D:3      | Noticed Natasha
  2796 | D:3      | Killed Natasha
  2985 | D:3      | Noticed a water moccasin
  3492 | D:3      | Reached XP level 6. HP: 41/41 MP: 13/13
  3515 | D:3      | Learned a level 3 spell: Mephitic Cloud
  4056 | D:4      | Reached skill level 5 in Spellcasting
  4578 | D:4      | Learned a level 3 spell: Ignite Poison
  4804 | D:4      | Noticed a necrophage
  4809 | D:4      | Killed a necrophage
  4810 | D:4      | Reached skill level 1 in Conjurations
  5085 | D:3      | Killed a water moccasin
  5086 | D:3      | Reached XP level 7. HP: 46/46 MP: 15/15
  5192 | D:5      | Entered Level 5 of the Dungeon
  5768 | D:5      | Reached XP level 8. HP: 52/52 MP: 17/17
  5770 | D:5      | Noticed Ijyb
  5773 | D:5      | Killed Ijyb
  5941 | D:5      | Noticed Prince Ribbit
  5947 | D:5      | Killed Prince Ribbit
  6843 | D:2      | Bought a purple potion for 29 gold pieces
  6843 | D:2      | Bought a moonstone ring for 165 gold pieces
  6843 | D:2      | Bought a potion of heal wounds for 165 gold pieces
  6843 | D:2      | Bought a viscous purple potion for 29 gold pieces
  6843 | D:2      | Bought a diamond ring for 165 gold pieces
  6843 | D:2      | Bought a pink potion for 29 gold pieces
  6853 | D:2      | Bought a metallic grey potion for 29 gold pieces
  6879 | D:2      | Bought a +1 cloak of poison resistance for 189 gold pieces
  7232 | D:6      | Reached XP level 9. HP: 39/57 MP: 19/20
  7237 | D:6      | Reached skill level 5 in Conjurations
  7415 | D:6      | Found a runed translucent gate.
  7415 | D:6      | Found a runed translucent gate.
  7415 | D:6      | Found a runed translucent gate.
  7423 | D:6      | Noticed Discosetron's ghost (novice SpEn)
  7781 | D:6      | Found a staircase to the Ecumenical Temple.
  7788 | Temple   | Entered the Ecumenical Temple
  8148 | Temple   | Became a worshipper of Sif Muna the Loreminder
  8588 | D:7      | Noticed Pikel
  8595 | D:7      | Killed Pikel
  8786 | D:7      | Found a sparkling altar of Nemelex Xobeh.
  8817 | D:7      | Reached XP level 10. HP: 61/63 MP: 23/23
  8882 | D:7      | Reached * piety under Sif Muna
  8883 | D:7      | Reached skill level 1 in Earth Magic
  9230 | D:7      | Found a bloodstained altar of Trog.
  9298 | D:7      | Found an ancient bone altar of Kikubaaqudgha.
  9641 | D:7      | Learned a level 5 spell: Bolt of Magma
 10264 | D:8      | Found a radiant altar of Vehumet.
 10264 | D:8      | Found a broken altar of Ashenzari.
 10608 | D:8      | Reached skill level 10 in Spellcasting
 10719 | D:8      | Found a sacrificial altar of Ru.
 11274 | D:9      | Noticed a two-headed ogre
 11278 | D:9      | Killed a two-headed ogre
 11279 | D:9      | Reached skill level 10 in Poison Magic
 11279 | D:9      | Reached XP level 11. HP: 68/68 MP: 25/25
 11589 | D:10     | Entered Level 10 of the Dungeon
 11722 | D:10     | Noticed a two-headed ogre
 11726 | D:10     | Killed a two-headed ogre
 11820 | D:10     | Reached ** piety under Sif Muna
 11916 | D:10     | Reached skill level 5 in Earth Magic
 12124 | D:10     | Noticed a +0 hand axe
 12125 | D:10     | Noticed a +0 hand axe
 12128 | D:10     | Found a hide-covered altar of Uskayaw.
 12368 | D:11     | Noticed Fannar
 12372 | D:11     | Killed Fannar
 12373 | D:11     | Reached skill level 1 in Invocations
 12436 | D:11     | Noticed a two-headed ogre
 12446 | D:11     | Killed a two-headed ogre
 12463 | D:11     | Noticed Grum
 12472 | D:11     | Killed Grum
 12861 | D:11     | Identified the +12 mace of the Omega Point {flame, rN++
                  | rCorr}
 12876 | D:11     | Reached XP level 12. HP: 74/74 MP: 27/27
 13190 | D:11     | Noticed a seven-headed hydra
 13202 | D:11     | HP: 3/74 [seven-headed hydra (12)]
 13223 | D:11     | HP: 2/74 [seven-headed hydra (6)]
 13223 | D:11     | Slain by a seven-headed hydra

Illustrated notes

Levels and vault maps discovered:
D:1:      mrwooster_arrival_statue_3, layout_basic,
          hellmonk_ecumenical_altar_watching_god
D:2:      layout_loops_ring, serial_shops, shop,
          nicolae_shop_overgrown_old_shop, nicolae_shop_behind_doors
D:3:      layout_loops_corners, amcnicky_altar_gilded, lemuel_crystal_altar,
          kennysheep_nondescript, hex_medium, lexackson_kobold_supper,
          uniq_natasha
D:4:      layout_cave_pods, nicolae_elyvilon_peaceful_grove,
          kennysheep_generic_room_10
D:5:      layout_cave_pods, serial_park, serial_park_square1
          [serial_park_minivault_5x5_8], serial_park_fountain,
          serial_park_square1 [serial_park_minivault_5x5_6], st_stairs_5,
          corexii_item_surrounded_by_moat, uniq_ijyb, uniq_prince_ribbit1
D:6:      layout_loops_ring, minmay_temple_entry_statues, gammafunk_ghost_split
D:7:      layout_layer_cave, lemuel_zombie_altar_kikubaaqudgha,
          nicolae_overflow_crystal_walls, mainiacjoe_overflow_paths, uniq_pikel
D:8:      layout_loops_ring, marbit_many_paths, grunt_temple_overflow_open
D:9:      layout_cross
D:10:     layout_basic, dancing_weapons_uskayaw
D:11:     layout_cave_pools, grunt_lair_entry_orc_guard_hut, uniq_grum,
          uniq_fannar
Temple:   minmay_temple_forest_path

Skill      XL: |  1  2  3  4  5  6  7  8  9 10 11 12 |
---------------+-------------------------------------+-----
Spellcasting   | 3 4 5 6 7 9 10 11 | 11.5
Poison Magic   | 5 6 7 9 10 11 | 11.0
Conjurations   | 2 3 4 6 8 9 |  9.6
Earth Magic    | 4 6 |  6.1
Invocations    | 2 3 |  3.0
Dodging        | |  1.7
Stealth        | |  2.4
Transmutations | |  1.1

Action                   |  1- 3 |  4- 6 |  7- 9 | 10-12 || total
-------------------------+-------+-------+-------+-------++-------
Melee: Whip              |    13 |    96 |    34 |       ||   143
       Falchion          |       |       |    20 |    37 ||    57
       Mace              |       |       |       |     1 ||     1
 Cast: Sting             |    56 |     5 |     3 |       ||    64
       Poisonous Vapours |     1 |    79 |    43 |    66 ||   189
       Olgreb's Toxic Ra |       |     5 |     6 |    15 ||    26
       Ignite Poison     |       |     4 |    26 |    52 ||    82
       Mephitic Cloud    |       |     2 |    14 |    25 ||    41
 Abil: Dig               |       |     4 |     1 |       ||     5
Evoke: Wand              |       |       |       |     1 ||     1
  Use: Scroll            |       |    10 |     2 |     1 ||    13
       Potion            |       |       |     1 |       ||     1
 Stab: Confused          |       |       |     1 |       ||     1
Armor: Robe              |    14 |    26 |    32 |    26 ||    98
Dodge: Dodged            |    12 |    47 |    40 |    39 ||   138
       Rpst.: Falchion   |       |       |     5 |     9 ||    14
